MID
GREAT LAKES LOONS @ QUAD CITIES RIVER BANDITS
05/08/2099
 
TOP OF THE 1ST
Great Lakes Loons batting - Pitching for Quad Cities River Bandits : RHP Aidan Jennings
Pitching: RHP Aidan Jennings
Batting: RHB Austin Vargas 0-0: Called Strike
0-1: Ball
1-1: Foul Ball, location: 3SF
1-2: Ball
2-2: Fly out, F7 (Line Drive, 7D, EV 88.8 MPH)
Batting: LHB Ryan Pavone 0-0: Swinging Strike
0-1: Swinging Strike
0-2: Foul Ball, location: 9LSF
0-2: Foul Ball, location: 2F
0-2: Strikes out swinging
Batting: RHB Roy Fontaine 0-0: SINGLE (Line Drive, 4D, EV 95.6 MPH)
Batting: RHB Jeff Epperly 0-0: Ball
1-0: Ball
2-0: Ball
3-0: Base on Balls
Roy Fontaine to second
Batting: SHB Mark Henning 0-0: Ball
Wild Pitch!
Roy Fontaine to third
Jeff Epperly to second
1-0: SINGLE (Line Drive, 89S, EV 108.1 MPH)
Roy Fontaine scores
Jeff Epperly to third
Runner from 3rd tries for Home, SAFE, throw by CF to home
Batting: SHB Jason Phillips 0-0: Called Strike
0-1: Called Strike
0-2: Fly out, F8 (Line Drive, 8LS, EV 99.4 MPH)
Top of the 1st over - 2 runs, 2 hits, 0 errors, 1 left on base; Great Lakes 2 - Quad Cities 0
BOTTOM OF THE 1ST
Quad Cities River Bandits batting - Pitching for Great Lakes Loons : RHP Eric Anderson
Pitching: RHP Eric Anderson
Batting: RHB Dave Orme 0-0: Ball
1-0: Ball
2-0: Swinging Strike
2-1: Swinging Strike
2-2: Strikes out swinging
Batting: LHB Chris Sharpe 0-0: Ball
1-0: Ball
2-0: Called Strike
2-1: DOUBLE (Line Drive, 9LD, EV 106.3 MPH) - OUT at third base trying to stretch hit.
Batting: RHB Cody Shuman 0-0: Called Strike
0-1: Fly out, F6 (Line Drive, 6, EV 66.9 MPH)
Bottom of the 1st over - 0 runs, 1 hit, 0 errors, 0 left on base; Great Lakes 2 - Quad Cities 0
TOP OF THE 2ND
Great Lakes Loons batting - Pitching for Quad Cities River Bandits : RHP Aidan Jennings
Batting: RHB Chris Holmes 0-0: Ball
1-0: Called Strike
1-1: Ball
2-1: Foul Ball, location: 2F
2-2: Fly out, F8 (Flyball, 8RS, EV 97.5 MPH)
Batting: RHB Trent Shere 0-0: Foul Ball, location: 9LMF
0-1: Ball
1-1: Fly out, F4 (Popup, 34D, EV 76.9 MPH)
Batting: RHB Adam Averett 0-0: Foul Ball, location: 9LDF
0-1: Swinging Strike
0-2: Ball
1-2: Fly out, F9 (Flyball, 89M, EV 98.8 MPH)
Top of the 2nd over - 0 runs, 0 hits, 0 errors, 0 left on base; Great Lakes 2 - Quad Cities 0
BOTTOM OF THE 2ND
Quad Cities River Bandits batting - Pitching for Great Lakes Loons : RHP Eric Anderson
Batting: RHB Chris Oakley 0-0: Called Strike
0-1: Called Strike
0-2: Ball
1-2: Foul Ball, location: 2F
1-2: Foul Ball, location: 2RF
1-2: Strikes out swinging
Batting: RHB Adam Reid 0-0: Ball
1-0: Swinging Strike
1-1: Called Strike
1-2: Ball
2-2: Ground out 5-3 (Groundball, 56, EV 99.4 MPH)
Batting: LHB Dana Welch 0-0: Ball
1-0: SINGLE (Groundball, 6MD, EV 101.9 MPH)
Batting: RHB Paolo Couvreur 0-0: Called Strike
0-1: Ball
1-1: Ball
2-1: Ball
3-1: Base on Balls
Dana Welch to second
Batting: RHB Chase Bavaro 0-0: Called Strike
0-1: Swinging Strike
0-2: Ball
1-2: Ball
2-2: Foul Ball, location: 2F
2-2: Foul Ball, location: 2F
2-2: Ball
3-2: Fly out, F7 (Line Drive, 7D, EV 100.6 MPH)
Bottom of the 2nd over - 0 runs, 1 hit, 0 errors, 2 left on base; Great Lakes 2 - Quad Cities 0
TOP OF THE 3RD
Great Lakes Loons batting - Pitching for Quad Cities River Bandits : RHP Aidan Jennings
Batting: RHB Austin Vargas 0-0: Called Strike
0-1: Foul Ball, location: 5FF
0-2: Ball
1-2: Strikes out swinging
Batting: LHB Ryan Pavone 0-0: Called Strike
0-1: Foul Ball, location: 2F
0-2: Strikes out swinging
Batting: RHB Roy Fontaine 0-0: Called Strike
0-1: Ball
1-1: Ball
2-1: Ball
3-1: Called Strike
3-2: Fly out, F8 (Flyball, 8RM, EV 85.6 MPH)
Top of the 3rd over - 0 runs, 0 hits, 0 errors, 0 left on base; Great Lakes 2 - Quad Cities 0
BOTTOM OF THE 3RD
Quad Cities River Bandits batting - Pitching for Great Lakes Loons : RHP Eric Anderson
Batting: LHB Dan Deible 0-0: DOUBLE (Flyball, 8RXD, EV 107.5 MPH) - OUT at third base trying to stretch hit.
Batting: RHB Dave Orme 0-0: Ball
1-0: Ball
2-0: Ball
3-0: Base on Balls
Batting: LHB Chris Sharpe 0-0: Ball
1-0: Ball
2-0: Ball
3-0: Called Strike
3-1: Fielders Choice at 2nd, 4-6 (Groundball, 4, EV 81.3 MPH)
Batting: RHB Cody Shuman 0-0: Ball
1-0: Ball
2-0: Fielders Choice at 2nd, 6-4 (Groundball, 6, EV 90.0 MPH)
Bottom of the 3rd over - 0 runs, 1 hit, 0 errors, 1 left on base; Great Lakes 2 - Quad Cities 0
TOP OF THE 4TH
Great Lakes Loons batting - Pitching for Quad Cities River Bandits : RHP Aidan Jennings
Batting: RHB Jeff Epperly 0-0: Ball
1-0: Called Strike
1-1: Ground out 5-3 (Groundball, 5, EV 97.5 MPH)
Batting: SHB Mark Henning 0-0: Called Strike
0-1: Ball
1-1: Ground out 6-3 (Groundball, 6, EV 87.5 MPH)
Batting: SHB Jason Phillips 0-0: Called Strike
0-1: Ball
1-1: Ball
2-1: SINGLE (Line Drive, 7LS, EV 98.1 MPH)
Batting: RHB Chris Holmes 0-0: Ball
1-0: Called Strike
1-1: Fly out, F9 (Flyball, 9, EV 93.1 MPH)
Top of the 4th over - 0 runs, 1 hit, 0 errors, 1 left on base; Great Lakes 2 - Quad Cities 0
BOTTOM OF THE 4TH
Quad Cities River Bandits batting - Pitching for Great Lakes Loons : RHP Eric Anderson
Batting: RHB Chris Oakley 0-0: Ball
1-0: Ball
2-0: Foul Ball, location: 2RF
2-1: Fly out, F9 (Flyball, 9S, EV 83.1 MPH)
Batting: RHB Adam Reid 0-0: Swinging Strike
0-1: Ball
1-1: Swinging Strike
1-2: Foul Ball, location: 9LSF
1-2: Fly out, F7 (Flyball, 78M, EV 85.0 MPH)
Batting: LHB Dana Welch 0-0: Called Strike
0-1: Fly out, F7 (Flyball, 7, EV 92.5 MPH)
Bottom of the 4th over - 0 runs, 0 hits, 0 errors, 0 left on base; Great Lakes 2 - Quad Cities 0
TOP OF THE 5TH
Great Lakes Loons batting - Pitching for Quad Cities River Bandits : RHP Aidan Jennings
Batting: RHB Trent Shere 0-0: Called Strike
0-1: Called Strike
0-2: Strikes out looking
Batting: RHB Adam Averett 0-0: Ball
1-0: Fly out, F8 (Flyball, 8LS, EV 90.6 MPH)
Batting: RHB Austin Vargas 0-0: Ball
1-0: Called Strike
1-1: SINGLE (Line Drive, 8LS, EV 88.8 MPH)
Batting: LHB Ryan Pavone 0-0: Swinging Strike
0-1: Swinging Strike
0-2: SINGLE (Groundball, 6MD, EV 102.5 MPH)
Austin Vargas to second
Batting: RHB Roy Fontaine 0-0: Foul Ball, location: 9LMF
0-1: Called Strike
0-2: Ball
1-2: DOUBLE (Flyball, 8RXD, EV 96.3 MPH)
Austin Vargas scores
Ryan Pavone to third
Runner from 3rd tries for Home, SAFE, no throw by CF
Batting: RHB Jeff Epperly 0-0: Called Strike
0-1: DOUBLE (Line Drive, 7LM, EV 105.0 MPH)
Roy Fontaine scores
Batting: SHB Mark Henning 0-0: Foul Ball, location: 2RF
0-1: Called Strike
0-2: Ground out 6-3 (Groundball, 6, EV 110.0 MPH)
Top of the 5th over - 3 runs, 4 hits, 0 errors, 1 left on base; Great Lakes 5 - Quad Cities 0
BOTTOM OF THE 5TH
Quad Cities River Bandits batting - Pitching for Great Lakes Loons : RHP Eric Anderson
Batting: RHB Paolo Couvreur 0-0: Ball
1-0: Ground out 5-3 (Groundball, 5, EV 78.8 MPH)
Batting: RHB Chase Bavaro 0-0: Ball
1-0: Fly out, F8 (Flyball, 8LD, EV 91.9 MPH)
Batting: LHB Dan Deible 0-0: SINGLE (Groundball, 4MD, EV 106.9 MPH)
Batting: RHB Dave Orme 0-0: Ball
1-0: Foul Ball, location: 7LDF
1-1: Foul Ball, location: 2F
1-2: Ball
2-2: Fly out, F7 (Flyball, 78M, EV 91.3 MPH)
Bottom of the 5th over - 0 runs, 1 hit, 0 errors, 1 left on base; Great Lakes 5 - Quad Cities 0
TOP OF THE 6TH
Great Lakes Loons batting - Pitching for Quad Cities River Bandits : RHP Aidan Jennings
Batting: SHB Jason Phillips 0-0: Fly out, F8 (Flyball, 8LD, EV 95.0 MPH)
Batting: RHB Chris Holmes 0-0: Fly out, F8 (Flyball, 8LXD, EV 89.4 MPH)
Batting: RHB Trent Shere 0-0: Ball
1-0: Ground out 1-3 (Groundball, 13S, EV 68.8 MPH)
Top of the 6th over - 0 runs, 0 hits, 0 errors, 0 left on base; Great Lakes 5 - Quad Cities 0
BOTTOM OF THE 6TH
Quad Cities River Bandits batting - Pitching for Great Lakes Loons : RHP Eric Anderson
Batting: LHB Chris Sharpe 0-0: Foul Ball, location: 2F
0-1: Ball
1-1: Ball
2-1: Foul Ball, location: 25FF
2-2: Strikes out swinging
Batting: RHB Cody Shuman 0-0: Foul Ball, location: 3FF
0-1: Swinging Strike
0-2: Strikes out swinging
Batting: RHB Chris Oakley 0-0: Foul Ball, location: 23FF
0-1: DOUBLE (Line Drive, 78XD, EV 106.9 MPH)
Batting: RHB Adam Reid 0-0: Ball
1-0: Ball
2-0: Swinging Strike
2-1: Fly out, F7 (Flyball, 78M, EV 91.9 MPH)
Bottom of the 6th over - 0 runs, 1 hit, 0 errors, 1 left on base; Great Lakes 5 - Quad Cities 0
TOP OF THE 7TH
Great Lakes Loons batting - Pitching for Quad Cities River Bandits : RHP Aidan Jennings
Pinch Hitting: SHB Dan Cutright 0-0: Fly out, F7 (Line Drive, 7LS, EV 94.4 MPH)
Batting: RHB Austin Vargas 0-0: SINGLE (Groundball, 56D, EV 94.4 MPH)
Batting: LHB Ryan Pavone 0-0: Called Strike
0-1: Called Strike
0-2: Foul Ball, location: 7LDF
0-2: Ball
1-2: Grounds into double play, 6-4-3 (Groundball, 6, EV 88.8 MPH)
Top of the 7th over - 0 runs, 1 hit, 0 errors, 0 left on base; Great Lakes 5 - Quad Cities 0
BOTTOM OF THE 7TH
Quad Cities River Bandits batting - Pitching for Great Lakes Loons : RHP Eric Anderson
Now in RF: Joe Matthews
Batting: LHB Dana Welch 0-0: Ball
1-0: Foul Ball, location: 9LSF
1-1: Fly out, F5 (Popup, 5SF, EV 73.1 MPH)
Batting: RHB Paolo Couvreur 0-0: Foul Ball, location: 5FF
0-1: Ground out 5-3 (Groundball, 56S, EV 77.5 MPH)
Batting: RHB Chase Bavaro 0-0: Called Strike
0-1: Foul Ball, location: 2F
0-2: Ball
1-2: Ground out 6-3 (Groundball, 6, EV 87.5 MPH)
Bottom of the 7th over - 0 runs, 0 hits, 0 errors, 0 left on base; Great Lakes 5 - Quad Cities 0
TOP OF THE 8TH
Great Lakes Loons batting - Pitching for Quad Cities River Bandits : RHP Aidan Jennings
Batting: RHB Roy Fontaine 0-0: Fly out, F8 (Line Drive, 8RD, EV 90.6 MPH)
Batting: RHB Jeff Epperly 0-0: Foul Ball, location: 2F
0-1: Ball
1-1: Ball
2-1: Called Strike
2-2: Strikes out swinging
Batting: SHB Mark Henning 0-0: Called Strike
0-1: Swinging Strike
0-2: Ball
1-2: Fly out, F9 (Flyball, 89S, EV 96.3 MPH)
Top of the 8th over - 0 runs, 0 hits, 0 errors, 0 left on base; Great Lakes 5 - Quad Cities 0
BOTTOM OF THE 8TH
Quad Cities River Bandits batting - Pitching for Great Lakes Loons : RHP Eric Anderson
Pitching: RHP Travis Groman
Batting: LHB Dan Deible 0-0: Ball
1-0: Ball
2-0: Ground out U3 (Groundball, 3S, EV 85.0 MPH)
Pinch Hitting: LHB Richard Merino 0-0: Foul Ball, location: 9LSFF
0-1: Ball
1-1: Swinging Strike
1-2: Ball
2-2: Strikes out swinging
Batting: LHB Chris Sharpe 0-0: Ball
1-0: Ball
2-0: TRIPLE (Flyball, 78XD, EV 103.8 MPH)
Batting: RHB Cody Shuman 0-0: Ball
1-0: Ground out 6-3 (Groundball, 6S, EV 86.9 MPH)
Bottom of the 8th over - 0 runs, 1 hit, 0 errors, 1 left on base; Great Lakes 5 - Quad Cities 0
TOP OF THE 9TH
Great Lakes Loons batting - Pitching for Quad Cities River Bandits : RHP Aidan Jennings
Pitching: RHP Nate Kirby
Now in RF: Benito Mojica
Batting: SHB Jason Phillips 0-0: Ball
1-0: Called Strike
1-1: Swinging Strike
1-2: Foul Ball, location: 2RF
1-2: Strikes out swinging
Batting: RHB Chris Holmes 0-0: Fly out, F2 (Popup, 3SF, EV 75.0 MPH)
Batting: RHB Trent Shere 0-0: Foul Ball, location: 23F
0-1: Foul Ball, location: 2F
0-2: Ball
1-2: Ball
2-2: Strikes out swinging
Top of the 9th over - 0 runs, 0 hits, 0 errors, 0 left on base; Great Lakes 5 - Quad Cities 0
BOTTOM OF THE 9TH
Quad Cities River Bandits batting - Pitching for Great Lakes Loons : RHP Travis Groman
Batting: RHB Chris Oakley 0-0: Called Strike
0-1: SOLO HOME RUN (Flyball, 9D, EV 96.3 MPH), Distance : 354 ft
Batting: RHB Adam Reid 0-0: Foul Ball, location: 5F
0-1: Ball
1-1: Foul Ball, location: 23FF
1-2: SINGLE (Groundball, 5D, EV 98.1 MPH)
Batting: LHB Dana Welch 0-0: Called Strike
0-1: Called Strike
0-2: Foul Ball, location: 2F
0-2: Strikes out looking
Batting: RHB Paolo Couvreur 0-0: Called Strike
0-1: Swinging Strike
0-2: Foul Ball, location: 5F
0-2: Ball
1-2: Foul Ball, location: 2F
1-2: Ball
2-2: Strikes out swinging
Pinch Hitting: LHB Aaron Hudson 0-0: Called Strike
0-1: DOUBLE (Line Drive, 89D, EV 103.8 MPH)
Adam Reid to third
Batting: LHB Dan Deible 0-0: Ball
1-0: Ball
2-0: Called Strike
2-1: SINGLE (Line Drive, 56D, EV 101.3 MPH)
Adam Reid scores
Aaron Hudson to third
Pitching: LHP Kevin Rivas
Now at 1B: Alex Quiroga
Batting: RHB Benito Mojica 0-0: Swinging Strike
0-1: Ground out 6-3 (Groundball, 6S, EV 86.3 MPH)
Bottom of the 9th over - 2 runs, 4 hits, 0 errors, 2 left on base; Great Lakes 5 - Quad Cities 2
Sunday, May 5th , 2024 - OOTP Baseball 24.11 Build 85